 Dungeon Crawl Stone Soup version 0.31-a0-182-gc5ef74bbde (webtiles) character file.

Game seed: 86599481833766570

8402 qw the Cleaver (level 11, -3/68 HPs)
             Began as a Gargoyle Fighter on June 20, 2023.
             Was a Priest of Okawaru.
             Slain by a death yak (12 damage)
             ... on level 1 of the Lair of Beasts.
             The game lasted 00:04:31 (8210 turns).

qw the Cleaver (Gargoyle Fighter)                   Turns: 8210, Time: 00:04:32

Health: -3/68      AC: 38    Str: 23    XL:     11   Next: 30%
Magic:  14/14      EV:  8    Int: 10    God:    Okawaru [***...]
Gold:   478        SH: 12    Dex:  9    Spells: 10/10 levels left

rFire   . . .        Y - +3 war axe
rCold   + . .        f - +0 kite shield
rNeg    + . .        r - +10 plate armour {ponderous}
rPois   inf          (no helmet)
rElec   +            (no cloak)
rCorr   .            h - +1 pair of gloves
SInv    .            e - +1 pair of boots
Will    .....        (no amulet) Stlth
                     l - ring of protection from cold
HPRegen 0.31/turn    (no ring)
MPRegen 0.14/turn

%: no passive effects
@: about to teleport, heroic, slow
A: sickness immunity, AC +8, negative energy resistance 1, electricity
resistance, torment resistance 1, petrification resistance, sense surroundings 2
a: Renounce Religion, Heroism


You were on level 1 of the Lair of Beasts.
You worshipped Okawaru.
Okawaru was most pleased with you.
You visited 3 branches of the dungeon, and saw 10 of its levels.

You collected 478 gold pieces.


Innate Abilities, Weirdness & Mutations

You are immune to sickness and miasma.
Your stone body is resilient. (AC +8)
You are immune to poison.
You resist negative energy. (rN+)
You are resistant to electric shocks. (rElec)
You are resistant to unholy torment.
You are immune to petrification.
You passively map the area around you.


   Skills:
 - Level 8.1(13.1) Fighting
 + Level 10.4(15.4) Axes
 - Level 3.2(8.2) Throwing
 - Level 7.2(12.2) Armour
 - Level 1.5(6.5) Dodging
 - Level 9.2(14.2) Shields
 - Level 4.0 Invocations


You had 10 spell levels left.
You didn't know any spells.
Your spell library was empty.

Inventory:

Hand Weapons
 c - a +0 flail of protection
 o - a +1 mace of holy wrath
 Y - a +3 war axe (weapon)
Missiles
 s - 3 javelins (quivered)
Armour
 e - a +1 pair of boots (worn)
 f - a +0 kite shield (worn)
 h - a +1 pair of gloves (worn)
 r - a +10 plate armour of ponderousness (worn)
Jewellery
 l - a ring of protection from cold (left hand)
Wands
 m - a wand of digging (16)
Scrolls
 a - a scroll of teleportation
 j - a scroll of immolation {unknown}
 q - a scroll of identify
Potions
 b - a potion of enlightenment
 d - a potion of might
 g - 4 potions of curing
 i - 3 potions of heal wounds {unknown}
 k - a potion of haste
 n - a potion of mutation
 p - a potion of attraction

Dungeon Overview and Level Annotations

Branches:
Dungeon (8/15)             Temple (1/1) D:6            Lair (1/5) D:8

Altars:
Ashenzari
Cheibriados
Dithmenos
Elyvilon
Fedhas
Gozag
Hepliaklqana
Kikubaaqudgha
Makhleb
Nemelex Xobeh
Okawaru
Qazlal
Ru
Sif Muna
Trog
Uskayaw
Vehumet
Wu Jian
Yredelemnul
Zin
The Shining One

Annotations:
D:6 4 runed translucent doors, Crazy Yiuf; qw's ghost, novice GrFi


Message History

You hit the death yak. You slash the death yak!
You hit the death yak but do no damage. You slash the death yak!
The death yak gores you! You block the death yak's attack. x3
The death yak gores you but does no damage.
You slash the death yak!
You kill the death yak!
Okawaru accepts your kill.
You slash the death yak! You barely miss the death yak.
You hit the death yak but do no damage. You hit the death yak.
The death yak gores you but does no damage.
You block the death yak's attack. The death yak closely misses you.
Your base Throwing skill increases to level 3!
You slice the death yak!!
The death yak is almost dead.
You slash the death yak! x2; You hit the death yak.
You barely miss the death yak. You slice the death yak!!
You kill the death yak!
Okawaru is honoured by your kill.
You hit the death yak. x2; You hit the death yak but do no damage.
You barely miss the death yak. You block the death yak's attack.
The death yak barely misses you. The death yak completely misses you.
The death yak barely misses you.
You slash the death yak!
The death yak is almost dead.
You hit the death yak but do no damage. x2; You completely miss the death yak.
The death yak gores you! You block the death yak's attack. x2
The death yak gores you but does no damage.
8209 ||| READING 2 scrolls of teleportation.
As you read the scroll of teleportation, it crumbles to dust.
You feel strangely unstable.
The death yak gores you but does no damage. x2
You block the death yak's attack.
The death yak gores you but does no damage.
You hit the death yak but do no damage.
The death yak is almost dead.
You slash the death yak! You barely miss the death yak.
You hit the death yak but do no damage. You block the death yak's attack.
The death yak gores you!
You die...

...## #..##
....# #./.#####
# ...##
#..##.#P###.#
....#
#...........#
...## *
***###..........
....# ,
#P....######
....# ##....#
###.# , #...##
}.# *, #.@Y.# *
* , , * #YYY## *
* ..}.}# ##.
#........Y#
.....##..# *
#.##.....Y#
#.}..#.^.# ##
*#######
#..##....#
.....!...#
.........#
.........# *


You could see 4 death yaks.

Vanquished Creatures
  2 death yaks (Lair:1)
  A black mamba (Lair:1)
  Joseph (Lair:1)
  2 cane toads (Lair:1)
  A rime drake (Lair:1)
  Maggie (D:8)
  2 komodo dragons (Lair:1)
  Prince Ribbit (D:5)
  A shadow (D:7)
  A wyvern (Lair:1)
  A yak (D:8)
  A basilisk (Lair:1)
  2 steam dragons
  5 water moccasins
  2 orc warriors (D:8)
  A sky beast (D:7)
  3 black bears
  8 wolves (Lair:1)
  A centaur (D:5)
  A phantom (D:6)
  2 kobold brigands
  7 bullfrogs
  A gnoll sergeant (D:8)
  6 scorpions
  6 killer bees (D:8)
  2 howler monkeys (D:8)
  3 orc priests
  2 gnoll boudas
  2 hounds
  Terence (D:2)
  An iguana (D:4)
  6 orc wizards
  14 gnolls
  8 adders
  3 river rats (Lair:1)
  3 white imps
  5 worms
  A dart slug (D:1)
  26 orcs
  5 ball pythons
  10 bats
  10 endoplasms
  2 giant cockroaches (D:2)
  7 goblins
  6 hobgoblins
  9 quokkas
  3 frilled lizards
  15 kobolds
  3 rats
207 creatures vanquished.

Vanquished Creatures (others)
  A howler monkey (D:5)
1 creature vanquished.

Grand Total: 208 creatures vanquished

Notes
Turn   | Place    | Note
-------+----------+-------------------------------------------
     0 | D:1      | qw the Gargoyle Fighter began the quest for the Orb.
     0 | D:1      | Reached XP level 1. HP: 14/14 MP: 1/1
     0 | D:1      | 0 ||| qw: Version: 0.3-a-9-g12657ce
     0 | D:1      | 0 ||| qw: Game counter: 1329
     0 | D:1      | 0 ||| qw: Always use a shield: true
     0 | D:1      | 0 ||| qw: God list: Okawaru
     0 | D:1      | 0 ||| qw: Allow faded altars: false
     0 | D:1      | 0 ||| qw: Do Orc after D:15 true
     0 | D:1      | 0 ||| qw: Do second Lair branch before Depths: true
     0 | D:1      | 0 ||| qw: Lair rune preference: random
     0 | D:1      | 0 ||| qw: Plans: Normal, Zot:1-4, Slime:5, God:TSO, Crypt,
                  | Tomb, Abyss, Pan, Hells, Win
     0 | D:1      | 0 ||| PLANNING D:1-11
     6 | D:1      | Noticed a rime drake
     6 | D:1      | Noticed a hog
     7 | D:1      | Noticed a black bear
     7 | D:1      | Noticed a water moccasin
    85 | D:1      | Reached skill level 2 in Axes
   136 | D:1      | 136 ||| Stepping ~*~*~tactically~*~*~ (hiding).
   271 | D:1      | Reached XP level 2. HP: 18/19 MP: 2/2
   373 | D:1      | 373 ||| FLEEEEING.
   374 | D:1      | 374 ||| FLEEEEING.
   376 | D:1      | 376 ||| FLEEEEING.
   398 | D:1      | 398 ||| Stepping ~*~*~tactically~*~*~ (stealth).
   591 | D:1      | Reached skill level 3 in Axes
   624 | D:1      | Reached XP level 3. HP: 23/23 MP: 3/3
   962 | D:2      | HP: 4/23 [gnoll/+0 halberd of venom (2)]
  1126 | D:2      | Reached XP level 4. HP: 24/28 MP: 4/4
  1171 | D:2      | Reached skill level 4 in Axes
  1232 | D:2      | 1232 ||| Stepping ~*~*~tactically~*~*~ (stealth).
  1233 | D:2      | 1233 ||| Stepping ~*~*~tactically~*~*~ (stealth).
  1234 | D:2      | 1234 ||| Stepping ~*~*~tactically~*~*~ (stealth).
  1280 | D:2      | 1280 ||| Stepping ~*~*~tactically~*~*~ (hiding).
  1295 | D:2      | Reached XP level 5. HP: 10/32 MP: 5/5
  1437 | D:2      | Noticed Terence
  1456 | D:2      | Killed Terence
  1538 | D:2      | Reached skill level 5 in Axes
  1774 | D:2      | 1774 ||| DROPPING +0 whip.
  2043 | D:2      | 2043 ||| UPGRADING to +0 chain mail.
  2053 | D:2      | 2053 ||| DROPPING +0 scale mail.
  2054 | D:2      | 2054 ||| UPGRADING to ring of protection from cold.
  2055 | D:2      | 2055 ||| READING 3 scrolls labelled CERABREXER.
  2058 | D:2      | 2058 ||| READING scroll labelled XOSKAI URYE.
  2059 | D:2      | 2059 ||| READING scroll labelled YSOJEUS ZUOK.
  2060 | D:2      | 2060 ||| READING scroll labelled MEOTARPH JOHU.
  2363 | D:3      | Found a sacrificial altar of Ru.
  2486 | D:3      | 2486 ||| FLEEEEING.
  2489 | D:3      | 2489 ||| FLEEEEING.
  2490 | D:3      | 2490 ||| FLEEEEING.
  2491 | D:3      | 2491 ||| FLEEEEING.
  2492 | D:3      | 2492 ||| FLEEEEING.
  2493 | D:3      | 2493 ||| FLEEEEING.
  2494 | D:3      | 2494 ||| FLEEEEING.
  2495 | D:3      | 2495 ||| FLEEEEING.
  2496 | D:3      | 2496 ||| FLEEEEING.
  2497 | D:3      | 2497 ||| FLEEEEING.
  2498 | D:3      | 2498 ||| FLEEEEING.
  2499 | D:3      | 2499 ||| FLEEEEING.
  2502 | D:3      | 2502 ||| FLEEEEING.
  2503 | D:3      | 2503 ||| FLEEEEING.
  2504 | D:3      | 2504 ||| FLEEEEING.
  2505 | D:3      | 2505 ||| FLEEEEING.
  2506 | D:3      | 2506 ||| FLEEEEING.
  2560 | D:3      | 2560 ||| Stepping ~*~*~tactically~*~*~ (stealth).
  2785 | D:3      | 2785 ||| UPGRADING to +0 pair of gloves.
  2875 | D:4      | Reached XP level 6. HP: 37/39 MP: 6/6
  2963 | D:4      | 2963 ||| Stepping ~*~*~tactically~*~*~ (hiding).
  2978 | D:4      | 2978 ||| FLEEEEING.
  2980 | D:4      | 2980 ||| FLEEEEING.
  2981 | D:4      | 2981 ||| FLEEEEING.
  2983 | D:4      | 2983 ||| FLEEEEING.
  2984 | D:4      | 2984 ||| FLEEEEING.
  2985 | D:4      | 2985 ||| FLEEEEING.
  2987 | D:4      | 2987 ||| FLEEEEING.
  2988 | D:4      | 2988 ||| FLEEEEING.
  2991 | D:4      | 2991 ||| FLEEEEING.
  2992 | D:4      | 2992 ||| FLEEEEING.
  2993 | D:4      | 2993 ||| FLEEEEING.
  2995 | D:4      | 2995 ||| STAIRDANCE
  3052 | D:4      | 3052 ||| STAIRDANCE
  3244 | D:4      | 3244 ||| Stepping ~*~*~tactically~*~*~ (hiding).
  3683 | D:4      | 3683 ||| UPGRADING to +10 plate armour of ponderousness.
  3693 | D:4      | 3693 ||| DROPPING +0 chain mail.
  3694 | D:4      | 3694 ||| READING scroll labelled SOGUDY GIZI.
  3695 | D:4      | 3695 ||| READING 2 scrolls labelled NUYJAR CUAMUFF.
  3696 | D:4      | 3696 ||| READING scroll labelled QUOFRE LIYR.
  3717 | D:5      | Entered Level 5 of the Dungeon
  3765 | D:5      | Reached XP level 7. HP: 44/44 MP: 7/7
  3790 | D:5      | 3790 ||| Stepping ~*~*~tactically~*~*~ (hiding).
  3790 | D:5      | HP: 7/44 [centaur/arrow (7)]
  3791 | D:5      | 3791 ||| READING 3 scrolls of teleportation.
  3953 | D:5      | Identified the +7 glaive "Ysai" {heavy, Fragile +Blink rN+
                  | Dex+2}
  3966 | D:5      | 3966 ||| READING scroll of enchant weapon.
  3966 | D:5      | 3966 ||| ENCHANTING +1 war axe.
  3972 | D:5      | 3972 ||| Stepping ~*~*~tactically~*~*~ (hiding).
  3981 | D:5      | Reached skill level 6 in Axes
  3981 | D:5      | 3981 ||| FLEEEEING.
  3987 | D:5      | 3987 ||| FLEEEEING.
  3988 | D:5      | 3988 ||| FLEEEEING.
  3989 | D:5      | 3989 ||| STAIRDANCE
  4012 | D:4      | 4012 ||| DRINKING 3 fuming puce potions.
  4019 | D:5      | 4019 ||| STAIRDANCE
  4105 | D:5      | 4105 ||| READING scroll of enchant armour.
  4105 | D:5      | 4105 ||| ENCHANTING +0 pair of gloves.
  4273 | D:5      | Noticed Prince Ribbit
  4285 | D:5      | Killed Prince Ribbit
  4286 | D:5      | Reached skill level 7 in Axes
  4286 | D:5      | Reached XP level 8. HP: 48/48 MP: 8/8
  4495 | D:5      | 4495 ||| UPGRADING to +1 pair of boots.
  4500 | D:5      | 4500 ||| READING scroll labelled KIUZEM DAUMI.
  4501 | D:5      | 4501 ||| READING 2 scrolls of identify.
  4501 | D:5      | 4501 ||| IDENTIFYING dark potion
  4595 | D:6      | Reached skill level 1 in Dodging
  4632 | D:6      | 4632 ||| Stepping ~*~*~tactically~*~*~ (hiding).
  4637 | D:6      | Found a staircase to the Ecumenical Temple.
  4638 | D:6      | 4638 ||| PLANNING TEMPLE
  4745 | Temple   | Entered the Ecumenical Temple
  4746 | Temple   | 4746 ||| PLANNING OKAWARU WORSHIP
  4934 | Temple   | Became a worshipper of Warmaster Okawaru
  4935 | Temple   | 4935 ||| PLANNING D:1-11
  4966 | D:6      | 4966 ||| Stepping ~*~*~tactically~*~*~ (hiding).
  4970 | D:6      | 4970 ||| Stepping ~*~*~tactically~*~*~ (stealth).
  4996 | D:6      | 4996 ||| DROPPING +0 flail.
  5037 | D:6      | Identified the +0 chain mail of Duty {Str-5 Int+3 SInv}
  5038 | D:6      | Found a runed translucent gate.
  5038 | D:6      | Noticed qw's ghost (novice GrFi)
  5039 | D:6      | Found a runed translucent gate.
  5040 | D:6      | Found a runed translucent gate.
  5139 | D:6      | Found a blossoming altar of Fedhas.
  5308 | D:6      | Found a runed translucent door.
  5309 | D:6      | Noticed Crazy Yiuf
  5367 | D:6      | 5367 ||| DRINKING 2 emerald potions.
  5485 | D:7      | 5485 ||| Stepping ~*~*~tactically~*~*~ (hiding).
  5509 | D:7      | Reached skill level 8 in Axes
  5620 | D:7      | 5620 ||| FLEEEEING.
  5621 | D:7      | 5621 ||| FLEEEEING.
  5622 | D:7      | 5622 ||| FLEEEEING.
  5623 | D:7      | 5623 ||| FLEEEEING.
  5758 | D:7      | Reached skill level 6 in Fighting
  5758 | D:7      | Reached XP level 9. HP: 34/56 MP: 9/9
  5758 | D:7      | 5758 ||| FLEEEEING.
  5759 | D:7      | 5759 ||| FLEEEEING.
  5760 | D:7      | 5760 ||| FLEEEEING.
  5761 | D:7      | 5761 ||| FLEEEEING.
  5762 | D:7      | 5762 ||| DRINKING 5 potions of curing.
  5762 | D:7      | 5762 ||| (to cure confusion)
  5764 | D:7      | 5764 ||| FLEEEEING.
  5765 | D:7      | 5765 ||| FLEEEEING.
  5766 | D:7      | 5766 ||| FLEEEEING.
  5767 | D:7      | 5767 ||| FLEEEEING.
  5768 | D:7      | 5768 ||| FLEEEEING.
  5769 | D:7      | 5769 ||| FLEEEEING.
  5770 | D:7      | 5770 ||| FLEEEEING.
  5771 | D:7      | 5771 ||| STAIRDANCE
  5826 | D:6      | 5826 ||| READING 3 scrolls labelled RYOROLAILL.
  5827 | D:6      | 5827 ||| READING scroll labelled LECLUSH GUKOI.
  5828 | D:6      | 5828 ||| READING 5 scrolls of identify.
  5828 | D:6      | 5828 ||| IDENTIFYING fuming purple potion
  5829 | D:6      | 5829 ||| READING 4 scrolls of identify.
  5829 | D:6      | 5829 ||| IDENTIFYING fizzy purple potion
  5830 | D:6      | 5830 ||| READING 3 scrolls of identify.
  5830 | D:6      | 5830 ||| IDENTIFYING lumpy silvery potion
  5831 | D:6      | 5831 ||| READING 2 scrolls of identify.
  5831 | D:6      | 5831 ||| IDENTIFYING purple potion
  5832 | D:6      | 5832 ||| DROPPING potion of berserk rage.
  5833 | D:6      | 5833 ||| DROPPING potion of brilliance.
  5834 | D:6      | 5834 ||| DROPPING potion of degeneration.
  5835 | D:6      | 5835 ||| DROPPING 2 scrolls of revelation.
  5927 | D:7      | 5927 ||| Stepping ~*~*~tactically~*~*~ (stealth).
  5930 | D:7      | 5930 ||| Stepping ~*~*~tactically~*~*~ (stealth).
  5932 | D:7      | 5932 ||| Stepping ~*~*~tactically~*~*~ (hiding).
  5941 | D:7      | 5941 ||| DRINKING 4 potions of curing.
  5941 | D:7      | 5941 ||| (to cure confusion)
  5956 | D:7      | 5956 ||| DRINKING 3 potions of curing.
  5956 | D:7      | 5956 ||| (to cure confusion)
  5969 | D:7      | Reached * piety under Okawaru
  5972 | D:7      | 5972 ||| INVOKING Heroism.
  5980 | D:7      | Reached skill level 1 in Invocations
  6354 | D:7      | 6354 ||| UPGRADING to +0 kite shield.
  6364 | D:7      | 6364 ||| DROPPING +0 buckler.
  6365 | D:7      | 6365 ||| DRINKING 2 ruby potions.
  6365 | D:7      | Gained mutation: You passively map a small area around you.
                  | [potion of mutation]
  6365 | D:7      | Gained mutation: You passively map the area around you.
                  | [potion of mutation]
  6430 | D:8      | 6430 ||| INVOKING Heroism.
  6433 | D:8      | 6433 ||| Stepping ~*~*~tactically~*~*~ (stealth).
  6458 | D:8      | Reached skill level 3 in Invocations
  6460 | D:8      | 6460 ||| DROPPING +3 flail.
  6493 | D:8      | 6493 ||| Stepping ~*~*~tactically~*~*~ (stealth).
  6614 | D:8      | Reached ** piety under Okawaru
  6615 | D:8      | Reached skill level 6 in Shields
  6656 | D:8      | 6656 ||| Stepping ~*~*~tactically~*~*~ (stealth).
  6707 | D:8      | Noticed Maggie
  6715 | D:8      | 6715 ||| INVOKING Heroism.
  6726 | D:8      | Killed Maggie
  6727 | D:8      | Reached XP level 10. HP: 46/61 MP: 11/13
  6847 | D:8      | 6847 ||| Stepping ~*~*~tactically~*~*~ (hiding).
  6848 | D:8      | 6848 ||| Stepping ~*~*~tactically~*~*~ (hiding).
  6897 | D:8      | Found a staircase to the Lair.
  6898 | D:8      | 6898 ||| INVOKING Heroism.
  7012 | D:8      | 7012 ||| INVOKING Heroism.
  7022 | D:8      | 7022 ||| Stepping ~*~*~tactically~*~*~ (hiding).
  7023 | D:8      | 7023 ||| Stepping ~*~*~tactically~*~*~ (hiding).
  7256 | D:8      | 7256 ||| INVOKING Heroism.
  7412 | D:8      | 7412 ||| PLANNING LAIR
  7445 | Lair:1   | Entered Level 1 of the Lair of Beasts
  7459 | Lair:1   | Reached skill level 9 in Axes
  7460 | Lair:1   | Noticed Joseph
  7461 | Lair:1   | 7461 ||| Stepping ~*~*~tactically~*~*~ (hiding).
  7476 | Lair:1   | 7476 ||| INVOKING Heroism.
  7477 | Lair:1   | Killed Joseph
  7478 | Lair:1   | Reached skill level 6 in Armour
  7594 | Lair:1   | Noticed a cane toad
  7595 | Lair:1   | 7595 ||| INVOKING Heroism.
  7596 | Lair:1   | 7596 ||| Stepping ~*~*~tactically~*~*~ (stealth).
  7598 | Lair:1   | 7598 ||| Stepping ~*~*~tactically~*~*~ (stealth).
  7603 | Lair:1   | Killed a cane toad
  7617 | Lair:1   | Reached *** piety under Okawaru
  7722 | Lair:1   | Reached skill level 9 in Shields
  7733 | Lair:1   | 7733 ||| INVOKING Heroism.
  7779 | Lair:1   | 7779 ||| READING scroll of enchant weapon.
  7779 | Lair:1   | 7779 ||| ENCHANTING +2 war axe.
  7803 | Lair:1   | Noticed a black mamba
  7804 | Lair:1   | 7804 ||| INVOKING Heroism.
  7824 | Lair:1   | Killed a black mamba
  7825 | Lair:1   | Reached skill level 10 in Axes
  7860 | Lair:1   | Noticed a cane toad
  7861 | Lair:1   | 7861 ||| Stepping ~*~*~tactically~*~*~ (stealth).
  7868 | Lair:1   | 7868 ||| INVOKING Heroism.
  7873 | Lair:1   | Killed a cane toad
  7902 | Lair:1   | Reached XP level 11. HP: 68/68 MP: 14/14
  7971 | Lair:1   | Received a gift from Okawaru
  8049 | Lair:1   | 8049 ||| Stepping ~*~*~tactically~*~*~ (stealth).
  8060 | Lair:1   | 8060 ||| INVOKING Heroism.
  8109 | Lair:1   | 8109 ||| Stepping ~*~*~tactically~*~*~ (stealth).
  8115 | Lair:1   | 8115 ||| Stepping ~*~*~tactically~*~*~ (stealth).
  8180 | Lair:1   | Noticed a death yak
  8180 | Lair:1   | Noticed a death yak
  8180 | Lair:1   | Noticed a death yak
  8180 | Lair:1   | Noticed a death yak
  8180 | Lair:1   | Noticed a death yak
  8180 | Lair:1   | Noticed a death yak
  8181 | Lair:1   | 8181 ||| Stepping ~*~*~tactically~*~*~ (stealth).
  8182 | Lair:1   | 8182 ||| INVOKING Heroism.
  8205 | Lair:1   | Killed a death yak
  8206 | Lair:1   | Reached skill level 3 in Throwing
  8207 | Lair:1   | Killed a death yak
  8208 | Lair:1   | HP: 8/68 [death yak (14)]
  8209 | Lair:1   | 8209 ||| READING 2 scrolls of teleportation.
  8210 | Lair:1   | Slain by a death yak

Levels and vault maps discovered:
D:1:      onia_arrival_zoo_common, layout_loops_ring
D:2:      wad_woods_settlement, layout_basic, uniq_terence
D:3:      layout_basic, mainiacjoe_overflow_paths, hangedman_decor_peaks_small
D:4:      layout_loops_ring
D:5:      layout_rooms, serial_bayou_pond_c, uniq_prince_ribbit1
D:6:      layout_gridville, kennysheep_mini_moat,
          minmay_temple_entry_large_hall, biasface_ghost_orc_armoury,
          hangedman_decor_diamond_cutter, uniq_crazy_yiuf_cottage
D:7:      layout_basic
D:8:      wad_pebble_path, layout_basic, grunt_lair_entry_orc_guard_hut,
          minivault_27, uniq_maggie
Temple:   nicolae_temple_bog_church
Lair:1:   layout_small_grid, pond, grunt_megastairs_2, uniq_joseph

Skill      XL: |  1  2  3  4  5  6  7  8  9 10 11 |
---------------+----------------------------------+-----
Axes           | 2 3 4 5 7 8 10 | 10.4
Fighting       | 4 6 8 |  8.1
Throwing       | 2 3 |  3.2
Armour         | 4 5 6 7 |  7.2
Dodging        | 1 |  1.5
Invocations    | 4 |  4.0
Shields        | 7 9 |  9.2

Action                     |  1- 3 |  4- 6 |  7- 9 | 10-12 || total
---------------------------+-------+-------+-------+-------++-------
  Melee: War axe           |   101 |   186 |   265 |   221 ||   773
  Throw: Javelin           |       |     9 |    35 |     5 ||    49
 Invoke: Heroism           |       |       |     3 |    10 ||    13
    Use: Scroll            |       |     7 |    11 |     2 ||    20
         Potion            |       |       |     6 |       ||     6
 Armour: Scale mail        |    54 |    44 |       |       ||    98
         Chain mail        |       |    55 |       |       ||    55
         Plate armour      |       |     2 |   299 |   187 ||   488
  Dodge: Dodged            |    33 |    68 |    89 |    64 ||   254
  Block: Buckler           |    15 |    21 |    37 |       ||    73
         Kite shield       |       |       |    53 |   125 ||   178

Table legend:
 A = Non-vault XP
 B = Vault XP
 C = Vault XP percentage of total XP
 D = Non-vault monster count
 E = Vault monster count
 F = Vault count percentage of total count
                 A         B        C        D         E       F
            +---------+---------+-------+---------+---------+-------
      Total |    8651 |    3353 |  27.9 |     181 |      27 |  13.0
            +---------+---------+-------+---------+---------+-------
        D:1 |      39 |       0 |   0.0 |      22 |       0 |   0.0
        D:2 |     135 |      83 |  38.1 |      25 |       7 |  21.9
        D:3 |      58 |       0 |   0.0 |      14 |       0 |   0.0
        D:4 |     325 |       0 |   0.0 |      19 |       0 |   0.0
        D:5 |     486 |     274 |  36.1 |      14 |       1 |   6.7
        D:6 |     495 |       0 |   0.0 |      18 |       0 |   0.0
        D:7 |    1089 |       0 |   0.0 |      27 |       0 |   0.0
        D:8 |    1276 |     997 |  43.9 |      25 |       6 |  19.4
     Lair:1 |    4748 |    1999 |  29.6 |      17 |      13 |  43.3
            +---------+---------+-------+---------+---------+-------
